Cogmind - Beta 13 @@@ ROGUE MODE // 2024.04.30 @ 09:50:19 Player: Cherman0 Result: Destroyed by 64-WVK(z) with Zionite Laser-S Performance ------------- Evolutions (3) 1500 Regions Visited (12) 2400 Robots Destroyed (133) 665 Value Destroyed (3277) 3277 Prototype IDs (41) 820 Alien Tech Used (0) 0 Bonus (507) 507 TOTAL SCORE: 9169 Bonus ------- High Alert Combat Kills 129 Follower Combat Kills 213 Met Imprinter 300 Friendly Fire -135 Cogmind --------- Core Integrity 0/700 Matter 6/300 Energy 84/100 System Corruption 0% Temperature Critical (543) Movement Core (1450) Ox28 Location -7/Deep Caves Parts ------- > --- POWER (1) -------- (None) > --- PROPULSION (3) --- (None) > --- UTILITY (7) ------ Huge Storage Unit Improved Signal Interpreter Makeshift Salvage Targeting Computer > --- WEAPON (2) ------- Enhanced Autogun Mini Smartbomb Launcher > --- INVENTORY (25) --- Reinforced Deuterium Engine Light Treads Improved Treads Improved Treads Improved Energy Well (289) High-capacity Matter Pod (200) Makeshift Salvage Targeting Computer Improved Utility Shielding Improved Utility Shielding Medium Reactive Plating System Shield System Shield Component Analysis Suite Long-range Tractor Beam Hacking Drone Bay (1/1) Advanced Variable Charge Gun Enhanced Autogun Enhanced Autogun Datajack Gravity Flail GAL Module Peak State ------------ > --- POWER ------------ Reinforced Deuterium Engine > --- PROPULSION ------- Light Treads Improved Treads Improved Medium Treads > --- UTILITY ---------- Huge Storage Unit Improved Signal Interpreter Advanced Terrain Scan Processor Makeshift Salvage Targeting Computer Transmission Jammer Medium Reactive Plating Hacking Drone Bay > --- WEAPON ----------- Enhanced Autogun Gravity Flail > --- INVENTORY -------- Reinforced Deuterium Engine Light Treads Light Treads Improved Treads Improved Energy Well Superbattery High-capacity Matter Pod Improved Utility Shielding Improved Utility Shielding Layered Medium Armor Plating Medium Reactive Plating Medium Reactive Plating System Shield System Shield Authchip [Armor] Component Analysis Suite Long-range Tractor Beam Advanced Variable Charge Gun Enhanced Autogun Enhanced Autogun Enhanced Autogun Enhanced Autogun Missile Launcher Mini Smartbomb Launcher Datajack [Rating: 62] Favorites ----------- Power Heavy Ion Engine Engine Heavy Ion Engine Power Core Nuclear Core Propulsion Light Treads Treads Light Treads Leg Aluminum Leg Flight Unit Improved Flight Unit Utility Huge Storage Unit Device Transmission Jammer Storage Huge Storage Unit Processor Makeshift Salvage Targeting Computer Hackware System Shield Protection Medium Reactive Plating Weapon Enhanced Autogun Energy Gun Beamcaster Energy Cannon Advanced Beam Cannon Ballistic Gun Enhanced Autogun Launcher Rocket Launcher Impact Weapon Gravity Flail Special Melee Weapon Datajack Build | -11 -10 -10 -9 -9 -9 -8 -8 -7 -7 -7 -7 -7 ------- Run | Yrd Mat Min Mat Min Exi Min Mat Fac Low Low Zio Dee Slots Evolved 6 | . . . 2 . . . 2 2 . . . . Power . | . . . . . . . . . . . . . Propulsion 1 | . . . 1 . . . . . . . . . Utility 5 | . . . 1 . . . 2 2 . . . . Weapon . | . . . . . . . . . . . . . Parts Attached 155 | 1 20 9 40 2 4 1 19 22 9 13 7 8 Power 6 | . 2 1 1 . . . . 1 . 1 . . Engine 5 | . 2 1 1 . . . . . . 1 . . Core 1 | . . . . . . . . 1 . . . . Reactor . | . . . . . . . . . . . . . Propulsion 40 | . 7 . 16 . . . 7 3 3 4 . . Treads 39 | . 7 . 15 . . . 7 3 3 4 . . Leg . | . . . . . . . . . . . . . Wheel . | . . . . . . . . . . . . . Hover . | . . . . . . . . . . . . . Flight 1 | . . . 1 . . . . . . . . . Utility 37 | 1 4 2 4 . 4 1 6 8 1 2 3 1 Device 15 | 1 1 . 2 . . 1 1 4 1 2 2 . Storage 4 | . 2 . . . 1 . . 1 . . . . Processor 5 | . . . . . 1 . 3 1 . . . . Hackware 1 | . . . . . . . . 1 . . . . Protection 12 | . 1 2 2 . 2 . 2 1 . . 1 1 Artifact . | . . . . . . . . . . . . . Weapon 72 | . 7 6 19 2 . . 6 10 5 6 4 7 Energy Gun 10 | . . 1 6 . . . 1 2 . . . . Energy Cannon 1 | . . . 1 . . . . . . . . . Ballistic Gun 36 | . 5 2 10 1 . . 4 3 3 3 2 3 Ballistic Cannon . | . . . . . . . . . . . . . Launcher 14 | . . 2 2 1 . . 1 3 2 . . 3 Special Weapon . | . . . . . . . . . . . . . Impact Weapon 8 | . 2 1 . . . . . 2 . 2 1 . Slashing Weapon . | . . . . . . . . . . . . . Piercing Weapon . | . . . . . . . . . . . . . Special Melee Weapon 3 | . . . . . . . . . . 1 1 1 Unidentified Prototypes 12 | . . . 4 . . . 1 6 . . 1 . Parts Lost 21 | . . 1 1 . . . . 7 1 . . 11 Power 3 | . . 1 . . . . . 1 . . . 1 Propulsion 6 | . . . . . . . . 3 . . . 3 Utility 8 | . . . . . . . . 3 . . . 5 Weapon 4 | . . . 1 . . . . . 1 . . 2 Highest Loss Streak 11 | . . 1 1 . . . . 7 1 . . 11 To Critical Strikes . | . . . . . . . . . . . . . Average Slot Usage (%) 99 | . 99 99 99 100 100 100 99 98 99 99 100 97 Engine 8 | . 13 13 11 11 11 11 9 6 . 1 7 6 Core 1 | . . . . . . . . . 7 5 . . Treads 27 | . 26 28 33 33 33 33 27 22 23 23 23 22 Device 11 | . 13 4 11 11 6 11 9 13 14 14 15 14 Storage 9 | . 14 14 11 11 11 11 9 7 7 7 7 7 Processor 11 | . . . . . 4 11 18 22 23 23 22 15 Protection 7 | . . 9 10 11 11 . 9 7 7 7 7 14 Energy Gun 1 | . . 6 2 . . . . . . . . . Ballistic Gun 16 | . 27 18 18 21 22 22 17 14 14 12 2 14 Impact Weapon 1 | . . 2 . . . . . . . 1 6 . Naked Turns . | . . . . . . . . . . . . . Heaviest Build 134 | 13 92 101 102 103 102 95 115 117 121 126 134 134 Greatest Support 73 | 20 40 40 60 60 60 60 66 66 63 73 73 73 Greatest Overweight (x) 7 | . 7 2 2 1 1 1 1 1 1 1 1 1 Average Overweight (x) 1 | . . 2 1 1 1 1 1 1 1 1 1 1 Largest Inventory Capacity 25 | 8 25 25 25 25 25 25 25 25 25 25 25 25 Average Capacity 24 | 8 16 25 25 25 25 25 25 25 25 25 25 25 Most Carried 25 | 7 20 25 25 25 25 25 25 25 25 25 25 25 Average Carried 23 | 6 12 22 24 25 24 24 24 24 24 24 24 24 Final Capacity 25 | 8 25 25 25 25 25 25 25 25 25 25 25 25 Final Carried 25 | 7 19 25 25 25 25 25 25 24 25 25 25 21 Class Distribution -------------------- 66% | Mutant 24% | Scavenger-Mutant 5% | Commander-Mutant 3% | Skirmisher Dominant Class ---------------- Mutant | -10/Materials Mutant | -10/Mines Scavenger-Mutant | -9/Materials Scavenger-Mutant | -9/Mines Scavenger-Mutant | -9/Exiles Scavenger-Mutant | -8/Mines Mutant | -8/Materials Skirmisher | -7/Factory Mutant | -7/Lower Caves Mutant | -7/Lower Caves Mutant | -7/Zion Mutant | -7/Deep Caves Resources | -11 -10 -10 -9 -9 -9 -8 -8 -7 -7 -7 -7 -7 ----------- Run | Yrd Mat Min Mat Min Exi Min Mat Fac Low Low Zio Dee Matter Collected 4147 | 216 362 202 1071 103 112 10 372 1119 202 321 26 31 Remotely 450 | . . . . . . . . 450 . . . . Salvage Created 4568 | 101 385 23 1678 134 150 . 480 1230 128 160 . 99 Parts 363 | 6 37 5 134 7 12 . 42 89 13 11 . 7 Haulers Intercepted 12 | . 2 . 6 . . . 2 2 . . . . Recyclers Shooed 8 | . 2 . 3 1 . . . 2 . . . . Parts Field Recycled . | . . . . . . . . . . . . . Retrieved Matter . | . . . . . . . . . . . . . Parts Self-Destructed 22 | . . . . . . . . . 8 14 . . Prevented . | . . . . . . . . . . . . . Kills | -11 -10 -10 -9 -9 -9 -8 -8 -7 -7 -7 -7 -7 ------- Run | Yrd Mat Min Mat Min Exi Min Mat Fac Low Low Zio Dee Combat Hostiles Destroyed 88 | . 9 7 32 5 . . 7 20 5 2 . 1 Guns 55 | . 9 1 20 3 . . 4 15 1 2 . . AOE 33 | . . 6 12 2 . . 3 5 4 . . 1 Classes Destroyed 22 | 2 5 3 6 . . . 1 2 . 1 . 2 Worker 4 | . . . 1 . . . . 3 . . . . Builder 5 | . . 1 . . . . 2 2 . . . . Tunneler 3 | 1 . . 2 . . . . . . . . . Hauler 12 | . 2 . 6 . . . 2 2 . . . . Recycler 10 | 1 . . 4 . . . . 5 . . . . Mechanic 1 | . . . 1 . . . . . . . . . Operator 2 | . 1 . 1 . . . . . . . . . Watcher 10 | . 3 . 4 . . . 2 1 . . . . Swarmer 36 | . 6 3 11 3 . . 3 6 4 . . . Grunt 17 | . 3 . 10 2 . . 1 1 . . . . Brawler 1 | . . . 1 . . . . . . . . . Duelist 1 | . . . 1 . . . . . . . . . Protector 2 | . . . 1 . . . . 1 . . . . Sentry 13 | . . . 8 . . . 2 1 1 1 . . Demolisher 1 | . . 1 . . . . . . . . . . Specialist 1 | . . . . . . . . 1 . . . . Hunter 3 | . . . . . . . 1 2 . . . . Programmer 8 | . . . . . . . . 8 . . . . Z-Light 1 | . . . . . . . . . . . . 1 Assembled 3 | . . 3 . . . . . . . . . . Fireman 1 | . . . . . . . . . . . . 1 Mutant 1 | . . . . . . . . . . 1 . . Best Kill Streak 19 | 2 4 3 6 2 . . 7 19 4 1 . 1 Combat Bots Only 9 | . 4 3 5 2 . . 6 9 4 1 . 1 Max Kills in Single Turn 4 | 1 1 3 4 2 . . 3 3 3 1 . 1 Gunslinging . | . . . . . . . . . . . . . Exploded 3 | . . 3 3 2 . . 2 2 3 . . 1 Melee . | . . . . . . . . . . . . . Uniques/NPCs Destroyed . | . . . . . . . . . . . . . Combat | -11 -10 -10 -9 -9 -9 -8 -8 -7 -7 -7 -7 -7 -------- Run | Yrd Mat Min Mat Min Exi Min Mat Fac Low Low Zio Dee Hostile Shots Fired 596 | . 34 23 100 13 . . 19 267 25 18 . 97 Missed 172 | . 10 6 23 6 . . 8 91 11 3 . 14 Damage Taken 6202 | . 236 410 1057 82 . . 118 1721 89 155 . 2334 Core 848 | . 22 . 101 7 . . 11 203 9 . . 495 Absorbed by Shields 521 | . . . . . . . . . 21 59 . 441 Ignored by Resistances 516 | . . . . . . . 23 392 32 69 . . Regen/Repaired (Parts) 237 | . 173 . 64 . . . . . . . . . Core Remaining (%) 90 | 100 . 91 . . . 73 98 . . . . . Volleys Fired 318 | 2 37 7 106 10 9 . 22 78 4 16 . 27 Largest 2 | 2 2 2 2 2 2 . 2 2 2 2 . 2 Hottest 95 | 40 40 95 95 50 50 . 50 50 50 50 . 80 Shots Fired 615 | 4 74 12 205 19 18 . 42 150 8 32 . 51 Gun 592 | 4 74 9 198 18 18 . 40 144 6 32 . 49 Cannon . | . . . . . . . . . . . . . Launcher 23 | . . 3 7 1 . . 2 6 2 . . 2 Special . | . . . . . . . . . . . . . Kinetic 545 | 4 74 6 154 18 18 . 40 144 6 32 . 49 Thermal 21 | . . 3 18 . . . . . . . . . Explosive 23 | . . 3 7 1 . . 2 6 2 . . 2 Electromagnetic 26 | . . . 26 . . . . . . . . . Robot Hit Streak 14 | 2 5 5 14 6 11 . 14 12 7 11 . 13 Robot Miss Streak 7 | . 3 2 5 2 1 . 2 4 . 1 . 7 Penetration Max . | . . . . . . . . . . . . . Secondary Targets 4 | . 1 . . . . . . 3 . . . . Max Gunslinging Chain 1 | . 1 . . . . . . 1 . . . . Shots Hit Robots 392 | 2 42 6 136 11 16 . 30 88 4 31 10 16 Core Hits 237 | 2 20 8 79 6 7 . 19 66 8 13 . 9 Critical Kills 1 | . 1 . . . . . . . . . . . Critical Parts Destroyed 2 | . . 1 . . 1 . . . . . . . Critical Strikes 4 | . 1 1 1 . 1 . . . . . . . Burn 1 | . . . 1 . . . . . . . . . Destroy 2 | . 1 . . . 1 . . . . . . . Smash 1 | . . 1 . . . . . . . . . . Melee Attacks 39 | . 1 3 . . . . . 2 . 9 23 1 Impact 22 | . 1 3 . . . . . 2 . 3 13 . Slashing . | . . . . . . . . . . . . . Piercing . | . . . . . . . . . . . . . Sneak Attacks 18 | . . 2 . . . . . . . 6 10 . Combat Hostiles . | . . . . . . . . . . . . . Follow-up Attacks . | . . . . . . . . . . . . . Damage Inflicted 10143 | 30 563 435 3269 262 269 4 710 3345 305 417 . 534 Guns 6459 | 30 563 72 2346 199 269 . 486 1725 68 417 . 284 Cannons . | . . . . . . . . . . . . . Explosions 3503 | . . 221 895 63 . . 224 1613 237 . . 250 Melee 112 | . . 112 . . . . . . . . . . Ramming 69 | . . 30 28 . . 4 . 7 . . . . Kinetic 5823 | 30 563 10 1772 199 269 . 486 1725 68 417 . 284 Thermal 561 | . . 62 499 . . . . . . . . . Explosive 3257 | . . 221 649 63 . . 224 1613 237 . . 250 Electromagnetic 321 | . . . 321 . . . . . . . . . Impact 112 | . . 112 . . . . . . . . . . Slashing . | . . . . . . . . . . . . . Piercing . | . . . . . . . . . . . . . Highest Corruption 6 | . . . . . . . . 6 6 6 . . Average Corruption 4 | . . . . . . . . 1 6 4 . . Corruption Purged 6 | . . . . . . . . . . 6 . . Corruption Blocked . | . . . . . . . . . . . . . Effects 47 | . . . . . . . . 8 21 18 . . Message Errors 18 | . . . . . . . . 2 7 9 . . Matter Fused 14 | . . . . . . . . 4 6 4 . . Heat Flow Errors 3 | . . . . . . . . . 1 2 . . Energy Discharges 2 | . . . . . . . . 1 . 1 . . Data Loss (minor) 5 | . . . . . . . . 1 4 . . . Data Loss (major) 1 | . . . . . . . . . 1 . . . Misfires 3 | . . . . . . . . . 2 1 . . Alerts 1 | . . . . . . . . . . 1 . . Overload Shots . | . . . . . . . . . . . . . Overflow Damage 172 | . . 76 . . . . 18 67 . . . 11 Projectiles . | . . . . . . . . . . . . . Explosions 96 | . . . . . . . 18 67 . . . 11 Melee 76 | . . 76 . . . . . . . . . . Knockbacks . | . . . . . . . . . . . . . Impact . | . . . . . . . . . . . . . Kinetic . | . . . . . . . . . . . . . Secondary . | . . . . . . . . . . . . . Self-Inflicted Damage 138 | . . . 93 . . . . 45 . . . . Shots 4 | . . . 3 . . . . 1 . . . . Rammed 9 | . . 3 4 . . 1 . 1 . . . . Targets Rammed 10 | . . 3 5 . . 1 . 1 . . . . Kicked . | . . . . . . . . . . . . . Crushed 1 | . . . 1 . . . . . . . . . Highest Temperature 535 | . . 87 240 63 60 . 76 97 222 220 . 535 Average Temperature 72 | . . 33 60 26 24 . 20 17 76 47 . 345 Received Heat Transfer 1292 | . 93 . 315 36 . . 63 153 20 18 . 594 Effects 14 | . . . . . . . . . . . . 14 Shutdowns 2 | . . . . . . . . . . . . 2 Interference 3 | . . . . . . . . . . . . 3 Matter Decay 1 | . . . . . . . . . . . . 1 Short Circuit 2 | . . . . . . . . . . . . 2 Damage (minor) 1 | . . . . . . . . . . . . 1 Damage (major) 4 | . . . . . . . . . . . . 4 Damage (core) 1 | . . . . . . . . . . . . 1 Siege Activations . | . . . . . . . . . . . . . Robots Corrupted . | . . . . . . . . . . . . . Combat Hostiles . | . . . . . . . . . . . . . Parts Fried 2 | . . . 2 . . . . . . . . . Impact Corruptions 2 | . . 2 . . . . . . . . . . Robots Melted . | . . . . . . . . . . . . . Combat Hostiles . | . . . . . . . . . . . . . Parts Melted 1 | . . . 1 . . . . . . . . . Heat Transferred 979 | . . 111 868 . . . . . . . . . Parts Sabotaged . | . . . . . . . . . . . . . Parts Stolen . | . . . . . . . . . . . . . Parts Stripped . | . . . . . . . . . . . . . Power Chain Reactions 3 | . . . 3 . . . . . . . . . Alert | -11 -10 -10 -9 -9 -9 -8 -8 -7 -7 -7 -7 -7 ------- Run | Yrd Mat Min Mat Min Exi Min Mat Fac Low Low Zio Dee Peak Influence 697 | 10 147 131 697 410 . 41 270 357 . . . . Initial 271 | . 6 . . 271 . . . . . . . . Average 106 | 9 48 5 305 214 . 12 53 87 . . . . Maximum Alert Level 2 | . . . 2 2 . . 1 1 . . . . Low Security (%) 79 | 100 100 100 36 30 . 100 98 86 . . . . Level 1 11 | . . . 22 64 . . 1 13 . . . . Level 2 8 | . . . 41 4 . . . . . . . . Level 3 . | . . . . . . . . . . . . . Level 4 . | . . . . . . . . . . . . . Level 5 . | . . . . . . . . . . . . . High Security . | . . . . . . . . . . . . . Max Security . | . . . . . . . . . . . . . Squads Dispatched 8 | . 1 . 3 . . . . 4 . . . . Investigation . | . . . . . . . . . . . . . Extermination 3 | . . . . . . . . 3 . . . . Reinforcement 4 | . 1 . 2 . . . . 1 . . . . Assault 1 | . . . 1 . . . . . . . . . Garrison . | . . . . . . . . . . . . . Intercept . | . . . . . . . . . . . . . Searches Triggered . | . . . . . . . . . . . . . Construction Impeded . | . . . . . . . . . . . . . Haulers Reinforced . | . . . . . . . . . . . . . Active Scanning Responses . | . . . . . . . . . . . . . Cargo Convoy Interrupts 1 | . . . . . . . . 1 . . . . Stealth | -11 -10 -10 -9 -9 -9 -8 -8 -7 -7 -7 -7 -7 --------- Run | Yrd Mat Min Mat Min Exi Min Mat Fac Low Low Zio Dee Distress Signals 8 | . 1 . 7 . . . . . . . . . Communications Jammed . | . . . . . . . . . . . . . Distress Signals . | . . . . . . . . . . . . . Times Spotted 131 | . 14 8 46 3 . . 15 31 5 3 . 6 Peak Tracking Total 11 | . 4 3 5 2 . . 7 11 4 1 . 3 Tactical Retreats 5 | . 1 . 3 . . . . 1 . . . . Traps | -11 -10 -10 -9 -9 -9 -8 -8 -7 -7 -7 -7 -7 ------- Run | Yrd Mat Min Mat Min Exi Min Mat Fac Low Low Zio Dee Traps Triggered 4 | . 4 . . . . . . . . . . . Indirectly . | . . . . . . . . . . . . . Trap Hack Attempts . | . . . . . . . . . . . . . Triggered . | . . . . . . . . . . . . . Disarmed . | . . . . . . . . . . . . . Reprogrammed 8 | . . . 8 . . . . . . . . . Reused 1 | . . . 1 . . . . . . . . . Traps Extracted . | . . . . . . . . . . . . . Installed . | . . . . . . . . . . . . . Triggered 1 | . . . 1 . . . . . . . . . Most Traps Carried 5 | . . 5 5 . . . . . . . . . Machines | -11 -10 -10 -9 -9 -9 -8 -8 -7 -7 -7 -7 -7 ---------- Run | Yrd Mat Min Mat Min Exi Min Mat Fac Low Low Zio Dee Machines Disabled 15 | . . 4 3 . . . 2 1 . 1 4 . Max in Single Turn 3 | . . 3 1 . . . . 1 . 1 1 . Machines Repaired . | . . . . . . . . . . . . . Machines Dismantled . | . . . . . . . . . . . . . Machines Sabotaged . | . . . . . . . . . . . . . Overloaded Fab Kills . | . . . . . . . . . . . . . Hacking | -11 -10 -10 -9 -9 -9 -8 -8 -7 -7 -7 -7 -7 --------- Run | Yrd Mat Min Mat Min Exi Min Mat Fac Low Low Zio Dee Machines Accessed 24 | . 5 . 8 . 1 . 7 3 . . . . Terminals 16 | . 4 . 5 . . . 6 1 . . . . Fabricators . | . . . . . . . . . . . . . Repair Stations 4 | . 1 . 2 . . . 1 . . . . . Recycling Units 2 | . . . . . . . . 2 . . . . Scanalyzers 1 | . . . 1 . . . . . . . . . Garrison Access . | . . . . . . . . . . . . . Total Hacks 69 | . 13 . 20 . 1 . 24 11 . . . . Successful 32 | . 6 . 13 . 1 . 9 3 . . . . Failed 37 | . 7 . 7 . . . 15 8 . . . . Catastrophic 7 | . 2 . 1 . . . 2 2 . . . . Database Lockouts . | . . . . . . . . . . . . . Manual 33 | . 5 . 5 . 1 . 12 10 . . . . Terminals 47 | . 9 . 13 . . . 22 3 . . . . Fabricators . | . . . . . . . . . . . . . Repair Stations 11 | . 4 . 5 . . . 2 . . . . . Recycling Units 8 | . . . . . . . . 8 . . . . Scanalyzers 2 | . . . 2 . . . . . . . . . Garrison Access . | . . . . . . . . . . . . . Terminal Hacks 15 | . 2 . 5 . 1 . 7 . . . . . Prototype ID Bank 2 | . 1 . . . . . 1 . . . . . Branch Access Points 1 | . . . . . . . 1 . . . . . Locate Traps 4 | . . . 2 . . . 2 . . . . . Reprogram Traps 2 | . . . 2 . . . . . . . . . Hauler Manifests 2 | . 1 . . . . . 1 . . . . . Registered Components 1 | . . . . . . . 1 . . . . . Zone Layout 2 | . . . 1 . . . 1 . . . . . Derelict Proto ID Bank 1 | . . . . . 1 . . . . . . . Fabricator Hacks . | . . . . . . . . . . . . . Repair Station Hacks 8 | . 4 . 3 . . . 1 . . . . . Scan Component 5 | . 2 . 2 . . . 1 . . . . . Repair 3 | . 2 . 1 . . . . . . . . . Recycling Unit Hacks 1 | . . . . . . . . 1 . . . . Retrieve Components 1 | . . . . . . . . 1 . . . . Scanalyzer 2 | . . . 2 . . . . . . . . . Insert Component 1 | . . . 1 . . . . . . . . . Analyze 1 | . . . 1 . . . . . . . . . Garrison Access Hacks . | . . . . . . . . . . . . . Unauthorized Hacks 6 | . . . 3 . . . 1 2 . . . . Terminals 4 | . . . 3 . . . 1 . . . . . Assimilate 2 | . . . 2 . . . . . . . . . Operators 2 | . . . 1 . . . 1 . . . . . Fabricators . | . . . . . . . . . . . . . Repair Stations . | . . . . . . . . . . . . . Recycling Units 2 | . . . . . . . . 2 . . . . Reject 1 | . . . . . . . . 1 . . . . Recyclers 1 | . . . . . . . . 1 . . . . Scanalyzers . | . . . . . . . . . . . . . Garrison Access . | . . . . . . . . . . . . . Data Cores Recovered . | . . . . . . . . . . . . . Used . | . . . . . . . . . . . . . Hacking Detections 20 | . 5 . 5 . . . 7 3 . . . . Full Trace Events . | . . . . . . . . . . . . . Feedback Events . | . . . . . . . . . . . . . Feedback Blocked . | . . . . . . . . . . . . . Robot Schematics Acquired 3 | . . . . . . . . . . . 3 . Robots Built . | . . . . . . . . . . . . . Authchips . | . . . . . . . . . . . . . Time . | . . . . . . . . . . . . . Total Robot Build Rating . | . . . . . . . . . . . . . Part Schematics Acquired 17 | . . . 1 . . . . . . . 16 . Parts Built . | . . . . . . . . . . . . . Authchips . | . . . . . . . . . . . . . Time . | . . . . . . . . . . . . . Total Part Build Rating . | . . . . . . . . . . . . . Parts Repaired 3 | . 2 . 1 . . . . . . . . . Time 84 | . 52 . 32 . . . . . . . . . Parts Recycled . | . . . . . . . . . . . . . Recycled Matter . | . . . . . . . . . . . . . Retrieved Matter . | . . . . . . . . . . . . . Retrieved Components 7 | . . . . . . . . 7 . . . . Parts Scanalyzed 1 | . . . 1 . . . . . . . . . Part Schematics Acquired 1 | . . . 1 . . . . . . . . . Parts Damaged . | . . . . . . . . . . . . . Bothacking | -11 -10 -10 -9 -9 -9 -8 -8 -7 -7 -7 -7 -7 ------------ Run | Yrd Mat Min Mat Min Exi Min Mat Fac Low Low Zio Dee Used RIF Installer . | . . . . . . . . . . . . . Robots Hacked 9 | . . . . . . . . . . . 9 . Non-combat 4 | . . . . . . . . . . . 4 . Combat 5 | . . . . . . . . . . . 5 . Robot Hacks Applied 10 | . . . . . . . . . . . 10 . parse_system 10 | . . . . . . . . . . . 10 . Relay Couplers Released . | . . . . . . . . . . . . . Fabnet Peak Effective % . | . . . . . . . . . . . . . Robots Rewired 8 | . . . . . 4 . . . . 4 . . Allies Hacked . | . . . . . . . . . . . . . Hacks Repelled . | . . . . . . . . . . . . . Allies | -11 -10 -10 -9 -9 -9 -8 -8 -7 -7 -7 -7 -7 -------- Run | Yrd Mat Min Mat Min Exi Min Mat Fac Low Low Zio Dee Total Allies 13 | . . 1 1 . 4 . . . . 4 3 . Largest Group 5 | . . 1 1 . 4 4 2 . . 4 5 5 Highest-Rated Group 118 | . . 31 10 . 45 45 29 . . 106 118 118 Highest-Rated Ally 31 | . . 31 10 . 21 21 21 . . 31 28 28 Total Orders 2 | . . . 2 . . . . . . . . . STAY 1 | . . . 1 . . . . . . . . . FOLLOW 1 | . . . 1 . . . . . . . . . Ally Attacks 55 | . . . . . . 4 26 . . 12 . 13 Total Damage 1063 | . . . . . . 37 421 . . 363 . 242 Kills 13 | . . . . . . 3 6 . . 1 . 3 Allies Corrupted . | . . . . . . . . . . . . . Allies Melted . | . . . . . . . . . . . . . Intel | -11 -10 -10 -9 -9 -9 -8 -8 -7 -7 -7 -7 -7 ------- Run | Yrd Mat Min Mat Min Exi Min Mat Fac Low Low Zio Dee Robot Analysis Total . | . . . . . . . . . . . . . Derelict Logs Recovered 6 | . . 2 . 1 . . . . 1 1 1 . Drone Launches . | . . . . . . . . . . . . . Drone Recoveries . | . . . . . . . . . . . . . Exploration | -11 -10 -10 -9 -9 -9 -8 -8 -7 -7 -7 -7 -7 ------------- Run | Yrd Mat Min Mat Min Exi Min Mat Fac Low Low Zio Dee Turns Passed 23111 | 21 2009 2522 2564 1158 2002 1229 2320 1129 940 3400 3388 429 Spaces Moved 8123 | 11 778 768 763 462 804 504 530 369 376 1228 1383 147 Core 1 | . 1 . . . . . . . . . . . Treads 8065 | . 731 768 763 462 804 504 530 369 376 1228 1383 147 Legs 57 | 11 46 . . . . . . . . . . . Wheels . | . . . . . . . . . . . . . Hover . | . . . . . . . . . . . . . Flight . | . . . . . . . . . . . . . Fastest Speed 120 | 120 120 320 240 240 240 240 240 240 240 240 240 240 Average Speed 242 | 120 193 320 240 240 240 240 240 240 240 240 240 240 Slowest Speed 400 | 120 400 320 320 240 240 240 240 240 240 240 240 240 Overloaded Moves . | . . . . . . . . . . . . . Propulsion Burnouts . | . . . . . . . . . . . . . Robots Hopped . | . . . . . . . . . . . . . Cave-ins Triggered . | . . . . . . . . . . . . . Exploration Rate (%) 65 | 2 88 98 62 92 92 93 45 14 59 95 90 22 Regions Visited 12 Branch Regions 8 Pre-discovered Areas 2 | . . 1 . . . . . . . . 1 . Known Exits Taken 5 | . . . . . . . 1 1 1 1 1 . Unknown Exits Taken 7 | 1 1 1 1 1 1 1 . . . . . . Scrap Searched 9 | . . 1 . 1 . 2 . . 1 3 1 . Spaces Dug 13 | . 1 1 . 7 . . . 2 . 2 . . Terrain Destroyed 141 | . 1 22 63 7 . . 10 23 9 2 . 4 Melee 6 | . 1 1 . . . . . 2 . 2 . . Projectile . | . . . . . . . . . . . . . AOE 135 | . . 21 63 7 . . 10 21 9 . . 4 Terrain Rammed . | . . . . . . . . . . . . . Walls Destroyed . | . . . . . . . . . . . . . Machines Disabled . | . . . . . . . . . . . . . Actions | -11 -10 -10 -9 -9 -9 -8 -8 -7 -7 -7 -7 -7 --------- Run | Yrd Mat Min Mat Min Exi Min Mat Fac Low Low Zio Dee Total 11026 | 14 1203 809 1346 499 866 523 1565 514 407 1659 1430 191 Wait 2134 | . 336 3 377 26 2 14 953 25 15 377 5 1 Move 8111 | 10 777 767 762 461 803 503 529 368 375 1227 1382 147 Hop . | . . . . . . . . . . . . . Pick Up 98 | 1 19 12 19 . 2 2 18 8 3 5 6 3 Fast Attach 29 | 1 7 . 8 . . . 3 6 . 2 2 . Attach 27 | . 3 1 5 . 1 . 3 9 2 . . 3 Detach 7 | . 2 . 1 . . . . 4 . . . . Swap 99 | . 10 8 27 2 3 1 13 7 7 11 5 5 Drop 110 | . 11 5 36 . 2 2 24 6 1 12 7 4 Fire 318 | 2 37 7 106 10 9 . 22 78 4 16 . 27 Melee 39 | . 1 3 . . . . . 2 . 9 23 1 Ram . | . . . . . . . . . . . . . Kick . | . . . . . . . . . . . . . Crush 10 | . . 3 5 . . 1 . 1 . . . . Escape Stasis . | . . . . . . . . . . . . . Rewire 44 | . . . . . 44 . . . . . . . Trap . | . . . . . . . . . . . . . Miscellaneous . | . . . . . . . . . . . . . Route ------- -11/Scrapyard -10/Materials (discovered 5 exits: *Mat x3 / [*Min] / *Sub) -10/Mines (discovered 3 exits: *Mat x2 / Sub) -9/Materials (discovered 4 exits: *Mat / [*Min] / [*Sto x2]) -9/Mines (discovered 4 exits: *Mat x2 / *Exi / *Zio) -9/Exiles (discovered 2 exits: [*Min x2]) -8/Mines (discovered 2 exits: *Mat x2) -8/Materials (discovered 2 exits: *Fac x2) -7/Factory -7/Lower Caves -7/Lower Caves (discovered 2 exits: *Fac / *Zio) -7/Zion (discovered 2 exits: *Dee / *Pro) -7/Deep Caves History --------- Turn | Location | Event 8 | -11/Scrapyard | Discovered new exit (range 2) 22 | -11/Scrapyard | Entered Materials 312 | -10/Materials | Build established: Mutant 456 | -10/Materials | Discovered new exit (range 8) 536 | -10/Materials | Discovered new exit (range 8) 944 | -10/Materials | Discovered new exit (range 5) 1086 | -10/Materials | Discovered new exit (range 13) 1212 | -10/Materials | Discovered new exit (range 15) 1710 | -10/Materials | Repaired Lgt. Treads 1737 | -10/Materials | Repaired Lgt. Treads 2031 | -10/Materials | Entered Mines 2038 | -10/Mines | Received a Rocket Launcher from a helpful Derelict 2056 | -10/Mines | Assembled infested the area 2799 | -10/Mines | Discovered new exit (range 5) 2968 | -10/Mines | Discovered new exit (range 7) 3109 | -10/Mines | Learned location of Mines (-9) 3128 | -10/Mines | Found a hidden stash of uninstalled traps 3657 | -10/Mines | Identified exit to Subcaves 3832 | -10/Mines | Received a Mining Laser from a helpful Derelict 4553 | -10/Mines | Entered Materials 4553 | -9/Materials | Evolved 2 slots: Propulsion x1, Utility x1 4620 | -9/Materials | Discovered new exit (range 5) 5260 | -9/Materials | Discovered new exit (range 6) 5332 | -9/Materials | Repaired Med. Armor Plating 5863 | -9/Materials | Build established: Scavenger-Mutant 5954 | -9/Materials | Discovered new exit (range 16) 6252 | -9/Materials | Discovered new exit (range 15) 6953 | -9/Materials | First assault squad dispatched 7117 | -9/Materials | Entered Mines 7324 | -9/Mines | A Derelict revealed a hidden shortcut to a safe place 7540 | -9/Mines | Discovered new exit (range 14) 7723 | -9/Mines | Deemed a non-threat by the Exiles lab entrance 7723 | -9/Mines | Discovered new exit (range 5) 8047 | -9/Mines | Learned Materials terminal intel 8063 | -9/Mines | Discovered new exit (range 6) 8275 | -9/Mines | Entered Exiles 8275 | -9/Exiles | Found Exiles lab destroyed 9254 | -9/Exiles | Opened EX-Vault 9274 | -9/Exiles | Found Superbattery 9754 | -9/Exiles | Build established: Mutant 9939 | -9/Exiles | Discovered new exit (range 14) 10248 | -9/Exiles | Discovered new exit (range 14) 10277 | -9/Exiles | Entered Mines 10277 | -8/Mines | Accompanied by 4 allies 10583 | -8/Mines | Build established: Scavenger-Mutant 10707 | -8/Mines | Discovered new exit (range 15) 11065 | -8/Mines | Discovered new exit (range 7) 11506 | -8/Mines | Entered Materials 11506 | -8/Materials | Accompanied by 2 allies 11506 | -8/Materials | Evolved 2 slots: Utility x2 11507 | -8/Materials | Loaded intel: 12 terminal locations 11959 | -8/Materials | Discovered new exit (range 10) 11978 | -8/Materials | Identified exit to Factory 12284 | -8/Materials | Discovered exit to Factory (range 12) 12311 | -8/Materials | Build established: Mutant 13826 | -8/Materials | Entered Factory 13826 | -7/Factory | Evolved 2 slots: Utility x2 14150 | -7/Factory | Build established: Skirmisher 14703 | -7/Factory | Discovered new exit (range 15) 14802 | -7/Factory | Cargo convoy interrupted 14857 | -7/Factory | Lost 7 parts (1p3n3u) 14868 | -7/Factory | Destroyed 9 combat bots 14889 | -7/Factory | Found Prototype Launcher 14889 | -7/Factory | Identified Mni. Smartbomb Launcher 14953 | -7/Factory | Identified exit to Lower Caves 14955 | -7/Factory | Entered Lower Caves 15022 | -7/Lower Caves | Attracted the attention of an 0b10 checkpoint 15113 | -7/Lower Caves | Build established: Mutant 15614 | -7/Lower Caves | Discovered new exit (range 10) 15619 | -7/Lower Caves | Learned Factory terminal intel 15640 | -7/Lower Caves | Identified exit to Lower Caves 15895 | -7/Lower Caves | Entered another Lower Caves area 15960 | -7/Lower Caves | Discovered new exit (range 8) 15977 | -7/Lower Caves | Identified exit to Factory 16011 | -7/Lower Caves | Identified exit to Zion 16266 | -7/Lower Caves | Encountered a Warlord checkpoint 16787 | -7/Lower Caves | Attracted the attention of an 0b10 outpost 17088 | -7/Lower Caves | Attacked by a delusional Derelict stockpiling Unaware 17410 | -7/Lower Caves | Build established: Commander-Mutant 18385 | -7/Lower Caves | Spotted B-75 Beast 18404 | -7/Lower Caves | Allies destroyed B-75 Beast 18693 | -7/Lower Caves | Build established: Mutant 19295 | -7/Lower Caves | Entered Zion 19295 | -7/Zion | Accompanied by 2 allies 19434 | -7/Zion | Given the Hacking Drone Bay 19434 | -7/Zion | Found Prototype Device 19434 | -7/Zion | Identified Hacking Drone Bay 19541 | -7/Zion | Discovered new exit (range 14) 19570 | -7/Zion | Identified exit to Proximity Caves 19831 | -7/Zion | Learned location of 1 exit from Factory 20068 | -7/Zion | Given A8's code to call for help 20186 | -7/Zion | Gained Derelict followers 20588 | -7/Zion | Received a visual enhancement algorithm 21003 | -7/Zion | Learned location of Data Miner (-6) 22298 | -7/Zion | Found GAL Module 22569 | -7/Zion | Discovered new exit (range 4) 22569 | -7/Zion | Saw the warning signs outside the Deep Caves entrance 22576 | -7/Zion | Identified exit to Deep Caves 22683 | -7/Zion | Entered Deep Caves 22683 | -7/Deep Caves | Accompanied by 5 allies 23038 | -7/Deep Caves | Attacked by Z-Imprinter 23101 | -7/Deep Caves | Core integrity fell below 50% 23104 | -7/Deep Caves | Lost 5 allies 23104 | -7/Deep Caves | Core integrity fell below 20% 23112 | -7/Deep Caves | Destroyed by 64-WVK(z) with Zionite Laser-S Last Messages --------------- 23099_ Power failure, Rnf. Deuterium Engine shutdown. 23099_ Overheating: Broken Imp. Treads damaged (-1). 23099_ Overheating: Enh. Autogun damaged (-8). 23099_ Overheating: Rnf. Deuterium Engine damaged (-23). 23100_ Enh. Autogun destroyed. 23100_ Acquired Imp. Energy Well. 23100_ Rnf. Deuterium Engine destroyed. 23101_ Overheating: Core damaged (-105). 23101_ Dropped Superbattery. 23102_ Extracted 375 energy. 23104_ Imp. Signal Interpreter broken. 23104_ Overheating: Short circuit. 23104_ Broken Imp. Treads destroyed. 23104_ Transmission Jammer destroyed. 23105_ Overheating: Huge Storage Unit damaged (-261). 23111_ Overheating: Matter decay (-10). 23111_ Destroyed Prototype Storage. 23111_ S0-84K(z) destroyed. 23111_ Destroyed Prototype Hover Unit. 23111_ Destroyed Prototype Storage. Map ----- +----------------------------------------------------+ | | | | | | | | | | | | | | | | | | | | | | | | | | | | | | | | | | | | | ?????????????????????????????????????????????????? | | ?????????##########??????????????????????????????? | | ???????? ?????????????????????????????# | | ???????? ?????###???????????????????## | | ??????? #####; ##?????######????#### | | ??????? ##%; ##??### ##???# | | ??????? */= ;## # #???# " | | ??????? @ #???# """ | | ??????? != #???# "" | | ???????? %%/ ????# | | ???????? =! %I #???????# | | ????????? """""" ! ##??????## | | ?????????????"""" %! ######### | | ?????????????"""" | | ??????????????""" z | | ?????????????? | | ??????????????""" #### | | ??????????????""" ###??## | | ???????????????"" ##?????# | | ???????????????"" #??????# | | ???????????????? #??????# | | ????????????????? ??????# | | ???????????????????? #?????# | | ?????????????????????? #?????## | | ?????????????????????????? ##??????# | | ??????????????????????????? #???????# | | ???????????????????????????? ???????# | | ?????????????????????????????? ??????## | | ???????????????????????????????? #?????## | | ??????????????????????????????????? #?????## | | ????????????????????????????????????? ??????# | | ?????????????????????????????????????????????# | +----------------------------------------------------+ Best States ------------- Heat Dissipation 34 Energy Generation 16 Energy Capacity 290 Matter Stores 300 Matter Capacity 300 Sight Range 16 Robot Scan Range 15 Terrain Scan Range 16 Terrain Scan Density 210 Jamming Range 12 Armor Coverage 450 Resistance: KI 30 Evasion (%) 55 Recoil Reduction 3 Salvage Targeting 4 Defensive Hacking 10 Authchip Count 1 Item Schematics ----------------- Enh. Autogun | -9/Materials | Scanalyzed Imp. Trap Scanner | -7/Zion | Archive Adv. Assault Cannon | -7/Zion | Archive Gatling Laser | -7/Zion | Archive Phase Cannon | -7/Zion | Archive Recoil Nullifier | -7/Zion | Archive Mak. Leg | -7/Zion | Archive Angular Momentum Engine | -7/Zion | Archive Gauss Rifle | -7/Zion | Archive Fission Core | -7/Zion | Archive Imp. Carbon-fiber Leg | -7/Zion | Archive Imp. Reaction Control System | -7/Zion | Archive Adv. ECM Suite | -7/Zion | Archive Adv. Sensor Array | -7/Zion | Archive Mak. Shrapnel Gun | -7/Zion | Archive Imp. Weapon Cycler | -7/Zion | Archive Lrn. Phase Cannon | -7/Zion | Archive Robot Schematics ------------------ H-55 Commando | -7/Zion | Archive B-48 Gladiator | -7/Zion | Archive T-07 Excavator | -7/Zion | Archive Fabricated ------------ Nothing Alien Tech Used ----------------- None Achievements -------------- Signs Are For Wimps Challenges ------------ None Game ------ Seed UtilityTrackerLance Manual? 0 Play Time 02:13:24 Cumulative 72.5 hours Start 2024.04.29 @ 18:28:33 End 2024.04.30 @ 09:50:19 Sessions 3 Manual Loads 0 Difficulty Rogue Special Mode None Game No. 45 Rogue 45 Adventurer 0 Explorer 0 Win Type - Total 0 Types 0/0/0/0/0/0/0/0/0 Lore% 29 Gallery% 41 Achievement% 33 Wizard Run 0 Options --------- Layout 0 ASCII 0 Keyboard 0 Movement Numpad Keybinds 1 Fullscreen 1 Font 18/SmallcapsGlow Map View 76x50 Zoom Use 0% Tactical HUD 1 Map Filters NONE Filters NONE Steam 1 RUN: f9a32cba-2903-4df0-9294-090efb4ed535